 Dungeon Crawl Stone Soup version 0.30-a0-989-g0d87f670db (webtiles) character file.

Game seed: 3172371289607407287

42 mopl the Grasshopper (level 3, -2/31 HPs)
             Began as an Armataur Warper on Apr 3, 2023.
             Slain by Crazy Yiuf
             ... wielding a +4 quarterstaff of chaos
              (7 damage)
             ... on level 2 of the Dungeon.
             The game lasted 00:01:23 (1544 turns).

mopl the Grasshopper (Armataur Warper)              Turns: 1544, Time: 00:01:23

Health: -2/31      AC:  6    Str: 18    XL:     3   Next: 33%
Magic:  5/5        EV:  7    Int: 13    God:
Gold:   73         SH:  0    Dex:  9    Spells: 5/5 levels left

rFire   + . .      SeeInvis .    a - +0 mace
rCold   + . .      Faith    .    (no shield)
rNeg    . . .      Spirit   .    e - +0 scale mail
rPois   .          Reflect  .    k - +0 hat
rElec   .          Roll     +    i - scarf {rC+ rF+}
rCorr   .                        (no gloves)
Will    .....                    (no barding) Stlth
                                 (no amulet)
HPRegen 0.25/turn                (no ring)
MPRegen 0.09/turn                (no ring)

@: mighty
A: large, rugged brown scales 3, deformed body, armoured tail, roll, long
tongue, awkward tongue
a: no special abilities


You were on level 2 of the Dungeon.
You visited 1 branch of the dungeon, and saw 2 of its levels.

You collected 73 gold pieces.

Inventory:

Hand Weapons
 a - a +0 mace (weapon)
Missiles
 d - 7 boomerangs of dispersal (quivered)
 g - 3 boomerangs
Armour
 e - a +0 scale mail (worn)
 i - a scarf of resistance (worn)
 k - a +0 hat (worn)
Scrolls
 b - a scroll of noise {unknown}
 c - a scroll of blinking
 f - 2 scrolls of poison {unknown}
Potions
 h - a potion of flight {unknown}
 j - a potion of magic {unknown}
 l - a potion of ambrosia {unknown}


   Skills:
 - Level 1.7 Fighting
 * Level 3.0 Maces & Flails
 - Level 0.8 Throwing
 - Level 1.2 Armour
 - Level 1.3 Dodging
 - Level 1.7 Spellcasting
 + Level 3.5 Translocations


You had 5 spell levels left.
You didn't know any spells.
Your spell library contained the following spells:

 Spells                   Type           Power      Damage    Failure   Level
 Blink                    Tloc           20%        N/A       30%         2
 Lesser Beckoning         Tloc           20%        N/A       30%         2
 Teleport Other           Tloc           10%        N/A       52%         3
 Vhi's Electric Charge    Tloc/Air       10%        N/A       77%         3
 Manifold Assault         Tloc           10%        N/A       90%         4


Dungeon Overview and Level Annotations

Branches:
Dungeon (2/15)

Altars:

Annotations:
D:2 Crazy Yiuf


Innate Abilities, Weirdness & Mutations

You are completely covered in rugged brown scales. (AC +3, +7% HP)
Armour fits poorly on your strangely shaped body.
You have a long armoured tail.
You roll when moving toward enemies. (Rampage)
Your long tongue fully drains potion bottles. (2x potion effects)
Your tongue gives you trouble enunciating. (1.5x scroll delay)


Message History

You see here a rat corpse.
l - a smoky brown potion No target in view!
You open the door.
You see here a rat corpse.
There is an open door here.
There is an open door here.
There is an open door here.
Found a hammer.
Found a runed translucent door.
Crazy Yiuf shouts!
Crazy Yiuf sings, "Trees, trees, trees, circus!"
There is an open door here.
There is an open door here.
You see here a quokka skeleton.
A bat comes into view.
You roll towards the bat!
You sock the bat!
You kill the bat!
You see here a quokka skeleton.
There is an open door here.
There is an open door here.
Could not explore, unopened runed door.
You open the door.
Crazy Yiuf says, "Millenium!"
You hit Crazy Yiuf.
Crazy Yiuf is moderately wounded.
Crazy Yiuf hits you with a +4 quarterstaff of chaos!
Space warps around you!
You sock Crazy Yiuf!
Crazy Yiuf is heavily wounded.
Crazy Yiuf barely misses you.
You closely miss Crazy Yiuf.
Crazy Yiuf is heavily wounded.
Crazy Yiuf hits you with a +4 quarterstaff of chaos!
* * * LOW HITPOINT WARNING * * *
You feel very mighty all of a sudden. Crazy Yiuf closely misses you.
You barely miss Crazy Yiuf.
Crazy Yiuf is heavily wounded.
Crazy Yiuf hits you with a +4 quarterstaff of chaos!
You die...

'.....'...####....####....#.##.#.
#....÷##### ##..## ######.##...
####### ♣P..P♣ #.##... ####
♣..P♣♣ ##'##... ...#########
♣♣.♣♣ #####.....## ...#.......#
♣.♣♣ #'.##.....# ...#.......#
♣♣.♣ ##.##.....# ...#.......#
♣.♣♣ #.##.^..## ...#.†.....# ♣♣@♣
##.##....### ...#.......# #g#
#..#####.... ##...).....# ...
#..#####.... #.........# #...#
#.....##.... #...####### #..)#
#.###.##.... #...# ##### #.#
#.##.[.. #...# #.# #.###### #...#
###.# #.# #...# #...# #.#


You could see Crazy Yiuf.

Vanquished Creatures
  2 dart slugs (D:2)
  4 ball pythons
  8 endoplasms
  2 goblins (D:1)
  3 hobgoblins
  2 jackals (D:1)
  2 quokkas
  4 bats
  2 frilled lizards
  2 kobolds (D:1)
  A rat (D:2)
32 creatures vanquished.

Notes
Turn   | Place    | Note
-------+----------+-------------------------------------------
     0 | D:1      | mopl the Armataur Warper began the quest for the Orb.
     0 | D:1      | Reached XP level 1. HP: 18/18 MP: 3/3
   124 | D:1      | Reached skill level 2 in Maces & Flails
   155 | D:1      | Reached XP level 2. HP: 6/25 MP: 4/4
  1039 | D:2      | Reached XP level 3. HP: 31/31 MP: 5/5
  1185 | D:2      | Reached skill level 3 in Maces & Flails
  1463 | D:2      | Found a runed translucent door.
  1464 | D:2      | Noticed Crazy Yiuf
  1544 | D:2      | Slain by Crazy Yiuf

Illustrated notes

Levels and vault maps discovered:
D:1:      dpeg_arrival_boxes_within_box, layout_basic
D:2:      layout_basic, minmay_misc_feat_room, uniq_crazy_yiuf_cottage

Skill      XL: |  1  2  3 |
---------------+----------+-----
Maces & Flails | 2 3 |  3.0
Fighting       | |  1.7
Throwing       | |  0.8
Armour         | |  1.2
Dodging        | |  1.3
Spellcasting   | |  1.7
Translocations | |  3.5

Action                     || total
---------------------------++-------
  Melee: Mace              ||   102
         Tailslap          ||     8
 Armour: Leather armour    ||    29
         Scale mail        ||    25
  Dodge: Dodged            ||    73

Table legend: (Time is in decaauts)
 A = Elapsed time spent in this place.
 B = Non-inter-level travel time spent in this place.
 C = Inter-level travel time spent in this place.
 D = Time resting spent in this place.
 E = Time spent auto-exploring this place.
 F = Levels seen in this place.
 G = Mean time per level.
                   A        B        C        D        E       F      G
               +--------+--------+--------+--------+--------+-----+--------+
         Total |   1572 |   1526 |     46 |     66 |   1188 |   2 |  786.0 |
       Dungeon |   1572 |   1526 |     46 |     66 |   1188 |   2 |  786.0 |
               +--------+--------+--------+--------+--------+-----+--------+

Top non-repeatable levels by time:
     D:1: 856 daAuts
     D:2: 715 daAuts
